 Dungeon Crawl Stone Soup version 0.22-a0-305-gd21a89c (webtiles) character file.

28724 vishdafish the Fighter (level 13, -3/104 HPs)
             Began as a Demonspawn Fighter on Mar 30, 2018.
             Was an Elder of Ru.
             Slain by a large abomination (6 damage)
             ... on level 1 of the Abyss.
             The game lasted 00:40:31 (15190 turns).

vishdafish the Fighter (Demonspawn Fighter)        Turns: 15190, Time: 00:40:31

Health: -3/104     AC: 18    Str: 23    XL:     13   Next: 11%
Magic:  0/13       EV: 13    Int: 11    God:    Ru [****..]
Gold:   984        SH: 17    Dex: 17    Spells: 12/12 levels left

rFire    . . .     SeeInvis .   a - +1 long sword
rCold    + . .     Gourm    .   c - +1 shield
rNeg     . . .     Faith    .   H - +5 plate armour of Vogogamy {MR+}
rPois    +         Spirit   +   (helmet restricted)
rElec    +         Reflect  .   s - +0 cloak of the Locust {rElec}
rCorr    .         Harm     .   (gloves unavailable)
MR       +....     Rnd*Rage +   Z - +1 pair of boots
Stlth    ..........             j - amulet of regeneration
HPRegen  0.67/turn              l - +2 ring of evasion
MPRegen  0.26/turn              I - +4 ring of dexterity

@: mighty, exhausted, no potions, drained
A: antennae 1, beak, claws 3, talons 1, large bone plates 1, [berserk 1],
[blurry vision 1], cold resistance 1, [dopey 1], poison resistance, powered by
pain 2, screaming 1, magic shield, magic regeneration, [subdued magic 2],
inability to drink while threatened, no stealth, reduced AC 1, MP-powered wands
a: Draw Out Power, Power Leap, Renounce Religion


You were on level 1 of the Abyss.
You worshipped Ru.
Ru was greatly pleased with you.
You were near starving.

You visited 1 branch of the dungeon, and saw 13 of its levels.
You visited the Abyss 1 time.

You collected 984 gold pieces.

Inventory:

Hand Weapons
 a - a +1 long sword (weapon)
 h - a +0 spear of freezing
 p - the +0 falchion of Understanding {pain, MR+ Str+3}
   (You found it on level 6 of the Dungeon)

   In the hands of one skilled in necromantic magic, it inflicts extra damage on
   living creatures.
   It affects your strength (+3).
   It affects your resistance to hostile enchantments.
 t - a +0 dagger of electrocution
Missiles
 m - 121 sling bullets
 x - 13 javelins (quivered)
Armour
 b - a +0 scale mail
 c - a +1 shield (worn)
 d - a +0 cloak
 s - the +0 cloak of the Locust (worn) {rElec}
   (You found it on level 12 of the Dungeon)

   It insulates you from electricity.
 A - a +0 chain mail
 E - a +0 pair of gloves
 H - the +5 plate armour of Vogogamy (worn) {MR+}
   (You found it on level 1 of the Abyss)

   It affects your resistance to hostile enchantments.
 L - a +0 pair of gloves
 P - the +1 leather armour "Vaow" {Str+3 Dex+4}
   (You found it on level 8 of the Dungeon)

   It affects your strength (+3).
   It affects your dexterity (+4).
 Q - a +0 helmet
 R - the +4 ring mail of Tomorrow {Str+4}
   (You found it on level 9 of the Dungeon)

   It affects your strength (+4).
 X - a +1 helmet of intelligence
 Z - a +1 pair of boots (worn)
Jewellery
 j - an amulet of regeneration (around neck)
 l - a +2 ring of evasion (left claw)
 w - an uncursed ring of ice
 I - a +4 ring of dexterity (right claw)
 Y - an uncursed ring of poison resistance
Wands
 K - a wand of flame (61)
 O - a wand of polymorph (23)
 T - a wand of clouds (5)
 V - a wand of iceblast (5)
Scrolls
 i - 2 scrolls of noise
 k - 2 scrolls of enchant armour
 r - 6 scrolls of remove curse
 u - 2 scrolls of amnesia
 v - 2 scrolls of magic mapping
 y - 2 scrolls of random uselessness
 B - 2 scrolls of enchant weapon
 F - a scroll of fear {unknown}
 J - a scroll of identify
 M - a scroll of summoning {unknown}
 S - 2 scrolls of fog {unknown}
Potions
 e - 3 potions of degeneration
 g - a potion of flight {unknown}
 o - 5 potions of curing
 q - a potion of might
 C - a potion of lignification {unknown}
 D - 2 potions of resistance
 G - a potion of agility {unknown}
 N - a potion of cancellation
 U - a potion of haste {unknown}
 W - a potion of mutation
Comestibles
 f - 21 rations


   Skills:
 + Level 10.5(10.0) Fighting
 + Level 9.6(9.1) Long Blades
 + Level 9.8(9.3) Armour
 + Level 9.2(8.7) Dodging
 + Level 9.8(9.3) Shields


You had 12 spell levels left.
You didn't know any spells.

Dungeon Overview and Level Annotations

Branches:
Dungeon (13/15)            Temple (0/1) D:5            Lair (0/6) D:8
    Orc (0/2) D:12
 Vaults: D:13-14

Altars:
Ashenzari
Dithmenos
Elyvilon
Qazlal
Ru
Trog
Wu Jian
Xom
Yredelemnul
Beogh

Shops:
D:5 :[:

Annotations:
D:12 Sonja


Innate Abilities, Weirdness & Mutations

You have claws for hands.
You are partially covered in large bone plates. (SH +4)
You sometimes gain power by taking damage.
You occasionally shout uncontrollably at your foes.
When hurt, damage is shared between your health and your magic reserves.
You regenerate magic rapidly.
You cannot drink potions while threatened.
You cannot be stealthy.
You take slightly more damage. (AC -5)
You have a pair of small antennae on your head.
You have a beak for a mouth.
You have sharp toenails.
Your flesh is cold resistant. (rC+)
Your system is resistant to poisons. (rPois)
You expend magic power (3 MP) to strengthen your wands.
[You tend to lose your temper in combat.]
[Scrolls take you a little longer to read.]
[You are dopey. (Int -2)]
[Your spells are easier to cast, but less powerful.]


Message History

The unseen horror is severely wounded.
The warg disappears in a puff of smoke!
The unseen horror is engulfed in noxious fumes.
The unseen horror appears confused.
The unseen horror hits you but does no damage.
The unseen horror is engulfed in noxious fumes.
The unseen horror appears confused.
The unseen horror closely misses the tentacled starspawn.
The worldbinder calls forth creatures from the Orcish Mines!
The unseen horror is engulfed in noxious fumes.
The unseen horror appears confused.
You block the unseen horror's attack.
You catch the helpless unseen horror completely off-guard!
You slash the unseen horror!
You kill the unseen horror!
Reactivating autopickup.
You feel the corruption within you wane somewhat.
Your vision sharpens a little.
You feel clever.
The troll disappears in a puff of smoke!
The large abomination hits you.
You die...

{ ## ########
#...##§xX§#.#
####. .
W##@.## #
#....x
.##X##...#
..##.#
.#X{{..#.# #.
#.# .x#.#..#
. . #..
#.#..#.#..
.#...###....#
.##. ##.
##.......#
###.##. ## ..
#.# .#X. ..#


You could see a starcursed mass, a tentacled starspawn, a large abomination, a
worldbinder and a small abomination.

Vanquished Creatures
  Fannar (D:10)
  Josephine (D:10)
  4 two-headed ogres
  The ghost of Thaneod the Arsonist, a journeyman DEFE of Vehumet (D:10)
  A thrashing horror (Abyss:1)
  A wretched star (Abyss:1)
  A soul eater (Abyss:1)
  5 skeletal warriors
  3 unseen horrors
  Pikel (D:4)
  3 ugly things
  A deep elf mage (D:9)
  A worldbinder (Abyss:1)
  3 cyclopes
  2 manticores
  An orange demon (Abyss:1)
  Psyche (D:10)
  A smoke demon (Abyss:1)
  A gargoyle (D:12)
  A hellwing (Abyss:1)
  A merfolk (D:9)
  3 trolls (D:9)
  A wolf spider simulacrum (Abyss:1)
  3 raiju (Abyss:1)
  A hornet (D:10)
  A hippogriff (D:11)
  A meliai zombie (D:11)
  A water elemental (Abyss:1)
  3 wyverns
  A basilisk (D:12)
  19 yaks
  5 wraiths
  A warg (D:12)
  A hungry ghost (D:12)
  A chaos spawn (Abyss:1)
  A small abomination (Abyss:1)
  A water moccasin (D:11)
  11 orc warriors
  A sky beast (D:9)
  A slave (D:4)
  3 black bears
  2 ice beasts
  5 centaurs (D:11)
  A phantom (D:8)
  7 ogres
  7 bullfrogs
  A gnoll sergeant (D:6)
  2 scorpions (D:4)
  11 killer bees
  2 howler monkeys
  2 jellies
  5 crimson imps
  A starcursed mass (Abyss:1)
  2 quasits
  17 orc priests
  7 hounds
  10 orc wizards
  Crazy Yiuf (D:4)
  3 centaur skeletons
  2 bullfrog skeletons
  4 iguanas
  6 worker ants
  A hound zombie (D:5)
  A worker ant zombie (D:10)
  6 gnolls
  2 howler monkey skeletons (D:7)
  14 adders
  5 shadow imps
  A white imp (Abyss:1)
  An ufetubus (Abyss:1)
  An ooze (D:7)
  2 adder zombies
  6 worms
  A dart slug (D:2)
  8 leopard geckos
  81 orcs
  3 ball pythons
  6 giant cockroaches
  3 goblins
  8 hobgoblins
  17 jackals
  6 quokkas
  10 bats
  6 frilled lizards
  5 kobolds
  A leopard gecko skeleton (D:5)
  2 quokka zombies (D:5)
  7 rats
  A lurking horror (Abyss:1)
398 creatures vanquished.

Vanquished Creatures (others)
  A demonic crawler (Abyss:1)
  A vampire (D:12)
  A wraith (D:10)
  A lurking horror (Abyss:1)
  2 starspawn tentacles (Abyss:1)
6 creatures vanquished.

Grand Total: 404 creatures vanquished

Notes
Turn   | Place    | Note
-------+----------+-------------------------------------------
     0 | D:1      | vishdafish the Demonspawn Fighter began the quest for the Orb.
     0 | D:1      | Reached XP level 1. HP: 18/18 MP: 1/1
   110 | D:1      | Gained mutation: You sometimes gain a little power by taking damage. [demonic ancestry]
   110 | D:1      | Reached XP level 2. HP: 19/24 MP: 2/2
   905 | D:2      | Gained mutation: You have sharp fingernails. [demonic ancestry]
   905 | D:2      | Reached XP level 3. HP: 29/29 MP: 3/3
  1912 | D:3      | Gained mutation: You sometimes gain power by taking damage. [demonic ancestry]
  1912 | D:3      | Reached XP level 4. HP: 29/35 MP: 4/4
  3127 | D:3      | Reached skill level 1 in Dodging
  3232 | D:3      | Gained mutation: You are partially covered in large bone plates. (SH +4) [demonic ancestry]
  3232 | D:3      | Reached XP level 5. HP: 39/41 MP: 5/5
  3675 | D:4      | Reached XP level 6. HP: 12/48 MP: 6/6
  4122 | D:4      | Reached skill level 4 in Fighting
  4235 | D:4      | Found a runed door.
  4653 | D:4      | Found a sacrificial altar of Ru.
  4656 | D:4      | Found an ornate altar of the Wu Jian Council.
  4656 | D:4      | Found a shattered altar of Ashenzari.
  4657 | D:4      | Found a shadowy altar of Dithmenos.
  4658 | D:4      | Found a white marble altar of Elyvilon.
  4658 | D:4      | Noticed a slave
  4659 | D:4      | Noticed a slave
  4660 | D:4      | Noticed Pikel
  4662 | D:4      | Noticed a slave
  4663 | D:4      | Noticed a slave
  4663 | D:4      | Became a worshipper of Ru the Awakened
  4683 | D:4      | Killed a slave
  4701 | D:4      | Killed Pikel
  4701 | D:4      | Gained mutation: When hurt, damage is shared between your health and your magic reserves. [demonic ancestry]
  4701 | D:4      | Reached XP level 7. HP: 37/55 MP: 7/7
  5179 | D:4      | Noticed Crazy Yiuf
  5185 | D:4      | Killed Crazy Yiuf
  5221 | D:5      | Entered Level 5 of the Dungeon
  5330 | D:5      | Found a staircase to the Ecumenical Temple.
  5370 | D:5      | Found a stormy altar of Qazlal.
  5370 | D:5      | Noticed an air elemental
  5370 | D:5      | Noticed a fire elemental
  5370 | D:5      | Noticed a water elemental
  5371 | D:5      | Found Ciczeu's Book Boutique.
  5411 | D:5      | Reached XP level 8. HP: 51/61 MP: 8/8
  5522 | D:5      | Found Foiplaba's Book Emporium.
  5574 | D:5      | Found Otubulep's Armour Shoppe.
  5684 | D:5      | Reached skill level 5 in Fighting
  6105 | D:5      | Found a bloodstained altar of Trog.
  6105 | D:5      | Found a basalt altar of Yredelemnul.
  6166 | D:6      | Noticed a manticore
  6406 | D:6      | Reached skill level 5 in Armour
  6580 | D:6      | Killed a manticore
  6580 | D:6      | Reached skill level 5 in Long Blades
  6580 | D:6      | Reached skill level 5 in Shields
  6606 | D:6      | Got a bloodstained falchion
  6607 | D:6      | Identified the +0 falchion of Understanding {pain, MR+ Str+3} (You found it on level 6 of the Dungeon)
  6850 | D:7      | Gained mutation: You cannot drink potions while threatened. [Ru sacrifice]
  6850 | D:7      | Reached * piety under Ru
  6907 | D:7      | Found a shimmering altar of Xom.
  7231 | D:7      | Gained mutation: You have very sharp fingernails. [demonic ancestry]
  7231 | D:7      | Reached XP level 9. HP: 63/69 MP: 9/9
  7301 | D:8      | Reached skill level 6 in Fighting
  8301 | D:7      | Reached skill level 5 in Dodging
  8503 | D:8      | Noticed a two-headed ogre
  8523 | D:8      | Killed a two-headed ogre
  8645 | D:8      | Found a staircase to the Lair.
  8657 | D:8      | Reached skill level 7 in Fighting
  8755 | D:8      | Got an encrusted leather armour
  8767 | D:8      | Identified the +1 leather armour "Vaow" {Str+3 Dex+4} (You found it on level 8 of the Dungeon)
  9102 | D:9      | Got a bloodstained ring mail
  9113 | D:9      | Identified the +4 ring mail of Tomorrow {Str+4} (You found it on level 9 of the Dungeon)
  9206 | D:9      | Noticed a troll
  9216 | D:9      | Killed a troll
  9216 | D:9      | Gained mutation: You have claws for hands. [demonic ancestry]
  9216 | D:9      | Reached XP level 10. HP: 67/79 MP: 8/10
  9246 | D:9      | Gained mutation: You cannot be stealthy. [Ru sacrifice]
  9246 | D:9      | Reached ** piety under Ru
  9900 | D:9      | Noticed a two-headed ogre
  9911 | D:9      | Killed a two-headed ogre
  9957 | D:9      | Noticed a two-headed ogre
  9970 | D:9      | Killed a two-headed ogre
 10383 | D:9      | Reached skill level 8 in Fighting
 10743 | D:10     | Entered Level 10 of the Dungeon
 10743 | D:10     | Noticed Thaneod's ghost (journeyman DEFE)
 10757 | D:10     | Killed Thaneod's ghost
 10833 | D:10     | Noticed a cyclops
 10834 | D:10     | Noticed Sonja
 10834 | D:10     | Noticed Psyche
 10890 | D:10     | Killed a cyclops
 10890 | D:10     | Reached XP level 11. HP: 37/86 MP: 5/11
 11010 | D:10     | Killed Psyche
 11393 | D:10     | Noticed Josephine
 11403 | D:10     | Killed Josephine
 11538 | D:10     | Noticed a deep elf mage
 11589 | D:9      | Killed a deep elf mage
 11718 | D:10     | Gained mutation: You take slightly more damage. (AC -5) [Ru sacrifice]
 11718 | D:10     | Reached *** piety under Ru
 11806 | D:11     | Noticed Fannar
 11909 | D:10     | Killed Fannar
 11997 | D:11     | Reached skill level 9 in Fighting
 12106 | D:11     | Noticed a two-headed ogre
 12117 | D:11     | Killed a two-headed ogre
 12484 | D:11     | Noticed an unseen horror
 12489 | D:11     | Killed an unseen horror
 12489 | D:11     | Gained mutation: You regenerate magic rapidly. [demonic ancestry]
 12489 | D:11     | Reached XP level 12. HP: 68/95 MP: 8/12
 12684 | D:11     | Gained mutation: Armour fits poorly on your strangely shaped body. [potion of mutation]
 12684 | D:11     | Gained mutation: You are resistant to hostile enchantments. (MR+) [potion of mutation]
 12684 | D:11     | Gained mutation: Your system is resistant to poisons. (rPois) [potion of mutation]
 12684 | D:11     | Gained mutation: You have a beak for a mouth. [potion of mutation]
 12685 | D:11     | Lost mutation: You are resistant to hostile enchantments. (MR+) [potion of mutation]
 12685 | D:11     | Lost mutation: Armour fits poorly on your strangely shaped body. [potion of mutation]
 12685 | D:11     | Gained mutation: You expend magic power (3 MP) to strengthen your wands. [potion of mutation]
 12685 | D:11     | Gained mutation: You are weak. (Str -2) [potion of mutation]
 12685 | D:11     | Gained mutation: You have a pair of small horns on your head. [potion of mutation]
 12685 | D:11     | Gained mutation: Your spells are a little harder to cast, but a little more powerful. [potion of mutation]
 12793 | D:12     | Lost mutation: Your spells are a little harder to cast, but a little more powerful. [potion of mutation]
 12793 | D:12     | Lost mutation: You have a pair of small horns on your head. [potion of mutation]
 12793 | D:12     | Gained mutation: You have sharp toenails. [potion of mutation]
 12793 | D:12     | Gained mutation: Your flesh is cold resistant. (rC+) [potion of mutation]
 12793 | D:12     | Lost mutation: You are weak. (Str -2) [potion of mutation]
 12793 | D:12     | Gained mutation: You have a pair of small antennae on your head. [potion of mutation]
 13067 | D:12     | Found a staircase to the Orcish Mines.
 13318 | D:12     | Gained mutation: You occasionally shout uncontrollably at your foes. [Ru sacrifice]
 13318 | D:12     | Reached **** piety under Ru
 13370 | D:12     | Found a roughly hewn altar of Beogh.
 13747 | D:13     | Reached skill level 10 in Fighting
 13973 | D:12     | Got a distressingly furry cloak
 13984 | D:12     | Identified the +0 cloak of the Locust {rElec} (You found it on level 12 of the Dungeon)
 14080 | D:12     | Cast into level 1 of the Abyss (Sonja)
 14309 | Abyss:1  | Got a brightly glowing plate armour
 14333 | Abyss:1  | Identified the +5 plate armour of Vogogamy {MR+} (You found it on level 1 of the Abyss)
 14443 | Abyss:1  | Noticed a yellow draconian
 14578 | Abyss:1  | Noticed a starcursed mass
 14594 | Abyss:1  | Noticed a starcursed mass
 14594 | Abyss:1  | HP: 4/98 [starcursed mass/accursed screaming (8)]
 14697 | Abyss:1  | Noticed a starcursed mass
 14981 | Abyss:1  | Reached XP level 13. HP: 104/104 MP: 8/13
 15097 | Abyss:1  | Noticed a starcursed mass
 15145 | Abyss:1  | Noticed a tentacled starspawn
 15169 | Abyss:1  | Noticed an eidolon
 15188 | Abyss:1  | HP: 2/104 [large abomination (17)]
 15190 | Abyss:1  | Slain by a large abomination

Vault maps used:
D:1:      minmay_arrival_stone_box
D:3:      kennysheep_generic_room_13
D:4:      grunt_temple_overflow_open, first_ration, uniq_crazy_yiuf_cottage,
          uniq_pikel
D:5:      gammafunk_temple_overflow_statue,
          minmay_temple_entry_statues_fountains, serial_shops, shop_fountains,
          kennysheep_mini, shop_fountains, grunt_ministairs_3,
          nicolae_qazlal_style_of_elements
D:7:      kennysheep_mini_moat
D:8:      lair_entry_dummy
D:9:      special_room
D:10:     hangedman_stone_soup, hangedman_decor_diamond_cutter, uniq_sonja,
          uniq_josephine, uniq_psyche
D:11:     uniq_fannar
D:12:     erik_orc_4, st_stairs_10, glass_columns_a, dk_noncrumbling_4
D:13:     grunt_vaults_entry_fortified
Abyss:1:  minivault_24

Skill      XL: |  1  2  3  4  5  6  7  8  9 10 11 12 |
---------------+-------------------------------------+-----
Armour         | 3 4 5 6 7 8 9 |  9.8
Long Blades    | 2 3 4 5 6 7 8 9 |  9.6
Shields        | 3 4 5 6 7 8 9 |  9.8
Dodging        | 1 3 4 5 6 8 9 |  9.2
Fighting       | 4 5 7 8 9 10 | 10.5

Action                   |  1- 3 |  4- 6 |  7- 9 | 10-12 | 13-15 || total
-------------------------+-------+-------+-------+-------+-------++-------
Melee: Long sword        |   174 |   226 |   587 |  1133 |    73 ||  2193
       Spear             |    10 |       |       |       |       ||    10
       Peck              |       |       |       |   163 |    35 ||   198
       Headbutt          |       |       |       |     4 |       ||     4
Throw: Throwing net      |       |       |     4 |     1 |       ||     5
       Javelin           |       |       |     2 |     5 |       ||     7
Invok: Sacrifice Drink   |       |       |     1 |       |       ||     1
       Sacrifice Stealth |       |       |       |     1 |       ||     1
       Draw Out Power    |       |       |       |     4 |     2 ||     6
       Sacrifice Health  |       |       |       |     1 |       ||     1
       Sacrifice Purity  |       |       |       |     1 |       ||     1
Evoke: Wand              |       |       |     3 |    23 |     1 ||    27
  Use: Potion            |       |     6 |     4 |    11 |     1 ||    22
       Scroll            |       |     1 |     7 |    16 |       ||    24
 Stab: Invisible         |       |       |     4 |     7 |       ||    11
       Held in net/web   |       |       |     2 |     1 |       ||     3
       Distracted        |       |       |       |     5 |     1 ||     6
       Petrified         |       |       |       |     3 |       ||     3
       Confused          |       |       |       |     2 |     1 ||     3
  Eat: Chunk             |     3 |     6 |    15 |     9 |       ||    33
       Ration            |       |     1 |       |     4 |       ||     5
Armor: Scale mail        |    89 |    44 |       |       |       ||   133
       Chain mail        |       |    35 |   219 |       |       ||   254
       Ring mail         |       |       |     1 |   145 |       ||   146
       Plate armour      |       |       |       |    82 |    51 ||   133
Dodge: Dodged            |    48 |    44 |   157 |   524 |    65 ||   838
Block: Shield            |   105 |   141 |   467 |  1015 |   101 ||  1829
       Rpst.: Long sword |    21 |    18 |    40 |   124 |    11 ||   214

Table legend:
 A = Spawn XP
 B = Non-spawn XP
 C = Spawn XP percentage of total XP
 D = Spawn monster count
 E = Non-spawn monster count
 F = Spawn count percentage of total count
 G = Total turns spent on level
                    A         B        C        D         E        F      G
               +---------+---------+-------+---------+---------+-------+---------
         Total |    7574 |   33461 |  18.5 |      21 |     378 |   5.3 | 15190
               +---------+---------+-------+---------+---------+-------+---------
           D:1 |       0 |      30 |   0.0 |       0 |      20 |   0.0 |   784
           D:2 |       0 |      58 |   0.0 |       0 |      18 |   0.0 |  1077
           D:3 |       0 |     181 |   0.0 |       0 |      31 |   0.0 |  1535
           D:4 |       0 |     969 |   0.0 |       0 |      19 |   0.0 |  1825
           D:5 |       0 |     360 |   0.0 |       0 |      25 |   0.0 |   978
           D:6 |       0 |    1070 |   0.0 |       0 |      18 |   0.0 |   635
           D:7 |       0 |     838 |   0.0 |       0 |      28 |   0.0 |  1233
           D:8 |       0 |    1976 |   0.0 |       0 |      23 |   0.0 |  1127
           D:9 |       0 |    5132 |   0.0 |       0 |      47 |   0.0 |  1619
          D:10 |       0 |    6551 |   0.0 |       0 |      38 |   0.0 |  1130
          D:11 |       0 |    6465 |   0.0 |       0 |      40 |   0.0 |   767
          D:12 |       0 |    6763 |   0.0 |       0 |      66 |   0.0 |   903
          D:13 |       0 |    3021 |   0.0 |       0 |       4 |   0.0 |   467
       Abyss:1 |    7574 |      47 |  99.4 |      21 |       1 |  95.5 |  1110
               +---------+---------+-------+---------+---------+-------+---------
